 Dungeon Crawl Stone Soup version 0.26-a0-1086-g9010512d90 (webtiles) character file.

Game seed: 2462164488380417515

92486 robertstho the Covert (level 16, -8/123 HPs)
             Began as a Gnoll Ice Elementalist on Dec 14, 2020.
             Was a High Priest of Sif Muna.
             Mangled by an ogre
             ... wielding a +0 giant club
              (14 damage)
             ... while paralysed by an ogre mage
             ... on level 2 of the Orcish Mines.
             The game lasted 01:00:35 (26138 turns).

robertstho the Covert (Gnoll Ice Elementalist)     Turns: 26138, Time: 01:00:37

Health: -8/123     AC: 14    Str: 12    XL:     16   Next: 6%
Magic:  37/40      EV:  2    Int: 30    God:    Sif Muna [*****.]
Gold:   3814       SH:  0    Dex: 19    Spells: 7/38 levels left

rFire    + . .     SeeInvis .   Z - +8 storm bow {elec, penet}
rCold    . . .     Faith    .   (shield currently unavailable)
rNeg     . . .     Spirit   .   u - +1 robe {rF+}
rPois    .         Reflect  .   a - +1 helmet
rElec    .         Harm     .   M - +0 cloak
rCorr    +         Rampage  .   l - +2 pair of gloves {archery}
Will     +....                  E - +2 pair of boots
Stlth    ++++++....             O - amulet of Puvorar {RegenMP *Corrode +Blink MP+9 Int+7}
HPRegen  0.30/turn              N - ring "Colonnal" {rCorr Dex+3}
MPRegen  0.52/turn              w - +4 ring of slaying

@: paralysed, lethally poisoned (-8 -> -54), studying Stealth
A: distributed training, fangs 1, strong nose
a: Channel Magic, Forget Spell, Divine Exegesis, Renounce Religion, Evoke Blink


You were on level 2 of the Orcish Mines.
You worshipped Sif Muna.
Sif Muna was extremely pleased with you.
You visited 4 branches of the dungeon, and saw 21 of its levels.
You also visited: Ice Cave.

You collected 3968 gold pieces.
You spent 154 gold pieces at shops.

Inventory:

Hand Weapons
 k - the +7 trident of Wu Jian's Respect {flame, rElec}
   (You found it on level 6 of the Lair of Beasts)

   It has been specially enchanted to burn those struck by it, causing extra
   injury to most foes and up to half again as much damage against particularly
   susceptible opponents.
   It insulates you from electricity.
 R - a +5 lajatang of electrocution
 Z - the +8 storm bow (weapon) {elec, penet}
   (You found it on level 10 of the Dungeon)

   It charges the ammunition it shoots with electricity; occasionally upon a
   hit, such missiles may discharge and cause terrible harm.
   Ammo fired by it passes through the targets it hits, potentially hitting all
   targets in its path until it reaches maximum range.
Missiles
 g - 125 arrows (quivered ammo)
Armour
 a - a +1 helmet (worn)
 l - a +2 pair of gloves of archery (worn)
 p - a +2 robe of cold resistance
 u - a +1 robe of fire resistance (worn)
 v - +0 swamp dragon scales
 E - a +2 pair of boots (worn)
 K - the +0 pair of gloves of Memi {rElec}
   (You found it in an ice cave)

   It insulates you from electricity.
 M - a +0 cloak (worn)
 Y - the +2 robe "Heloaxats" {+Blink rF- Will+ Int+2}
   (You found it on level 1 of the Lair of Beasts)

   It affects your intelligence (+2).
   It makes you vulnerable to fire.
   It affects your willpower, your defense against some magical effects.
   It lets you blink.
Jewellery
 b - an uncursed ring of positive energy
 o - an uncursed ring of flight
 s - an uncursed ring of see invisible
 w - a +4 ring of slaying (right hand)
 x - an uncursed ring of fire
 y - a +4 ring of protection
 H - an uncursed ring of fire
 N - the ring "Colonnal" (left hand) {rCorr Dex+3}
   (You found it on level 6 of the Dungeon)

   [ring of resist corrosion]

   It affects your dexterity (+3).
   It provides partial protection from all sources of acid and corrosion.
 O - the amulet of Puvorar (around neck) {RegenMP *Corrode +Blink MP+9 Int+7}
   (You took it off a deep elf mage on level 12 of the Dungeon)

   [amulet of magic regeneration]

   It increases your magic regeneration.
   It affects your intelligence (+7).
   It affects your magic capacity (+9).
   It lets you blink.
   It may corrode you when you take damage.
 P - the amulet of the Air {Inacc +Fly rElec EV+5 RMsl}
   (You found it on level 12 of the Dungeon)

   [amulet of inaccuracy]

   It reduces the accuracy of all your attacks.
   It affects your evasion (+5).
   It insulates you from electricity.
   It lets you fly.
   It protects you from missiles.
Wands
 i - a wand of iceblast (10)
 B - a wand of acid (27)
 X - a wand of digging (10)
Scrolls
 c - 8 scrolls of magic mapping
 d - 5 scrolls of enchant weapon
 f - 5 scrolls of enchant armour
 h - 4 scrolls of teleportation
 j - a scroll of holy word {unknown}
 n - 11 scrolls of remove curse
 q - 3 scrolls of fear
 r - a scroll of summoning {unknown}
 D - 5 scrolls of immolation
 F - 4 scrolls of fog
 T - a scroll of silence
Potions
 e - 4 potions of flight
 m - 3 potions of might
 z - 2 potions of curing
 A - 2 potions of haste
 C - 5 potions of brilliance
 I - a potion of invisibility
 J - 2 potions of berserk rage
 U - a potion of ambrosia
 W - 2 potions of mutation
Books
 Q - a manual of Stealth
Miscellaneous
 G - a condenser vane
 S - a lightning rod (4/4)
 V - a box of beasts


   Skills:
 + Level 10.5 Fighting
 + Level 10.5 Short Blades
 + Level 11.2 Long Blades
 + Level 10.5 Axes
 + Level 10.5 Maces & Flails
 + Level 10.5 Polearms
 + Level 10.5 Staves
 + Level 10.5 Slings
 + Level 10.5 Bows
 + Level 10.5 Crossbows
 + Level 10.5 Throwing
 + Level 10.5 Armour
 + Level 11.3 Dodging
 + Level 13.3 Stealth
 + Level 10.5 Shields
 + Level 10.5 Unarmed Combat
 + Level 11.5 Spellcasting
 + Level 8.9 Conjurations
 + Level 8.9 Hexes
 + Level 8.9 Summonings
 + Level 8.9 Necromancy
 + Level 8.9 Translocations
 + Level 8.9 Transmutations
 + Level 8.9 Fire Magic
 + Level 11.2 Ice Magic
 + Level 8.9 Air Magic
 + Level 8.9 Earth Magic
 + Level 8.9 Poison Magic
 + Level 11.3 Invocations
 + Level 10.5 Evocations


You had 7 spell levels left.
You knew the following spells:

 Your Spells              Type           Power        Failure   Level
a - Freeze                Ice            ####         1%          1
b - Frozen Ramparts       Ice            ######       1%          3
c - Ozocubu's Armour      Ice            ######..     1%          3
d - Hailstorm             Conj/Ice       ######..     1%          4
e - Summon Ice Beast      Ice/Summ       ######..     1%          4
f - Apportation           Tloc           ######       1%          1
g - Blink                 Tloc           N/A          1%          2
h - Swiftness             Air            ######..     1%          2
i - Teleport Other        Tloc           ######..     1%          3
j - Summon Lightning Spi  Summ/Air       ######..     1%          4
k - Airstrike             Air            ######....   1%          4

Your spell library contained the following spells:

 Spells                   Type           Power        Failure   Level
 Animate Skeleton         Necr           ######       1%          1
 Beastly Appendage        Tmut           ######       1%          1
 Corona                   Hex            ######.      1%          1
 Magic Dart               Conj           ####         1%          1
 Pain                     Necr           ####         1%          1
 Shock                    Conj/Air       ####         1%          1
 Sting                    Tmut/Pois      ####         1%          1
 Summon Small Mammal      Summ           ####         1%          1
 Call Imp                 Summ           ######..     1%          2
 Slow                     Hex            ######..     1%          2
 Call Canine Familiar     Summ           ######..     1%          3
 Conjure Flame            Conj/Fire      ######..     1%          3
 Gell's Gravitas          Tloc           ######....   1%          3
 Inner Flame              Hex/Fire       ######..     1%          3
 Lesser Beckoning         Tloc           ######....   1%          3
 Mephitic Cloud           Conj/Pois/Air  ######..     1%          3
 Portal Projectile        Hex/Tloc       ######       1%          3
 Static Discharge         Conj/Air       ######..     1%          3
 Stone Arrow              Conj/Erth      ######       1%          3
 Summon Guardian Golem    Hex/Summ       ######..     1%          3
 Vampiric Draining        Necr           ######....   1%          3
 Animate Dead             Necr           ######....   1%          4
 Cause Fear               Hex            ######....   1%          4
 Ice Form                 Ice/Tmut       ######..     1%          4
 Leda's Liquefaction      Hex/Erth       ######....   1%          4
 Olgreb's Toxic Radiance  Pois           ######..     1%          4
 Passage of Golubria      Tloc           N/A          1%          4
 Metabolic Englaciation   Hex/Ice        ######....   1%          5
 Agony                    Necr           ######..     2%          5
 Alistair's Intoxication  Tmut/Pois      ######...    2%          5
 Lightning Bolt           Conj/Air       ######....   2%          5
 Summon Forest            Summ/Tloc      ######....   2%          5
 Summon Mana Viper        Hex/Summ       ######..     2%          5
 Ozocubu's Refrigeration  Ice            ######....   4%          6
 Simulacrum               Ice/Necr       ######....   8%          6
 Freezing Cloud           Conj/Ice/Air   ######....   9%          6
 Eringya's Noxious Bog    Tmut/Pois      ######....   12%         6
 Dragon Form              Tmut           ######....   54%         7
 Spellforged Servitor     Conj/Summ      ######....   54%         7
 Shatter                  Erth           ######....   100%        9


Dungeon Overview and Level Annotations

Branches:
Dungeon (12/15)            Temple (1/1) D:6            Lair (6/6) D:10
  Swamp (0/4) Lair:4        Snake (0/4) Lair:2        Slime (0/5) Lair:6
    Orc (2/2) D:10          IceCv (visited)
    Elf: Orc:2

Altars:
Ashenzari
Cheibriados
Dithmenos
Fedhas
Gozag
Hepliaklqana
Kikubaaqudgha
Makhleb
Nemelex Xobeh
Okawaru
Qazlal
Ru
Sif Muna
Trog
Uskayaw
Vehumet
Wu Jian
Xom
Yredelemnul
Zin
The Shining One
Jiyva

Shops:
D:10 !   Orc:2 (

Portals:
Abyss: D:6
Trove: D:10 (give 3 potions of resistance)

Annotations:
D:2 1 transporter
D:6 2 transporters, sahdkjhfkaj's ghost, novice KoBr
Lair:1 DarkMailMan's ghost, novice HOFi
Lair:6 1 runed translucent door


Innate Abilities, Weirdness & Mutations

Your experience applies equally to all skills.
You have very sharp teeth.
Your uncanny sense of smell can sniff out nearby items.


Message History

You are lethally poisoned!
The ogre hits you with a +0 giant club!
* * * LOW HITPOINT WARNING * * *
The ogre mage casts a spell at you.
You shrug off the repeated paralysis!
The ogre mage hits you but does no damage.
You are more poisoned.
* * * LOW HITPOINT WARNING * * *
You feel very sick. The ogre hits you with a +0 giant club.
* * * LOW HITPOINT WARNING * * *
The ogre mage hits you with a +0 club.
* * * LOW HITPOINT WARNING * * *
The ogre mage hits you from afar with a +2 spear of venom.
* * * LOW HITPOINT WARNING * * *
An ogre comes into view. It is wielding a +0 giant club.
The ogre mage hits you with a +0 club!
* * * LOW HITPOINT WARNING * * *
The ogre hits you with a +0 giant club!
You die...

#..... #.... #....
#### #.. ...## #..
....## ##. #...# ##
#..## #### #@O.###
##... #)O...#####
#.... #)O.....#.##
#....
#..........#####..
#)...........##...
#).......#..#.....
#.......##........
..O(.....#(##.#.#...
O(O.....$.....######..


You could see 2 ogre magi and 2 ogres.

Vanquished Creatures
  Gastronok (D:11)
  An orc warlord (Orc:1)
  A reaper (IceCv)
  Nessos (Lair:6)
  A fire dragon (Lair:6)
  The ghost of Foxy the Carver, a journeyman FoFi of Elyvilon (Lair:1)
  The ghost of CozyGlow the Artisan of Death, a journeyman DsGl of Kikubaaqudgha (Lair:1)
  9 hydras
  A death knight (D:12)
  3 boulder beetles
  A catoblepas (Lair:5)
  A tengu warrior (D:12)
  12 two-headed ogres
  An ogre mage (Orc:2)
  12 death yaks (Lair:6)
  An orc high priest (Orc:1)
  Nergalle (Lair:3)
  A deep elf knight (Orc:1)
  An unseen horror (D:10)
  A wizard (D:12)
  2 orc knights (Orc:1)
  A swamp dragon (Lair:6)
  A lindwurm (Lair:6)
  4 deep elf magi
  An orc sorcerer (Orc:1)
  5 oklob plants
  2 wolf spiders (Lair:6)
  A manticore (D:11)
  3 cyclopes (D:12)
  13 elephants (Lair:6)
  2 centaur zombies
  A torpor snail (Lair:2)
  Maurice (D:11)
  Psyche (D:11)
  2 ice statues (IceCv)
  14 cane toads
  A centaur skeleton (D:12)
  3 black mambas
  10 komodo dragons
  7 rime drakes
  8 ice devils (IceCv)
  2 trolls
  2 polar bears
  2 hornets
  22 blink frogs
  A dream sheep (Lair:6)
  A shadow (D:12)
  3 wyverns
  2 wraiths (D:12)
  36 yaks
  5 basilisks
  A human (D:10)
  2 steam dragons
  3 wargs
  A vampire mosquito (D:12)
  A naga (Lair:2)
  2 swamp worms (Lair:4)
  2 acid dragons (Lair:6)
  10 water moccasins
  17 orc warriors
  2 ice beasts
  3 black bears
  3 phantoms
  3 sky beasts
  3 necrophages
  9 wolves
  26 ogres
  3 centaurs
  A nameless horror (D:6)
  17 bullfrogs
  2 scorpions
  A water moccasin skeleton (D:10)
  Dowan (D:7)
  7 killer bees (D:7)
  2 electric eels
  8 wights
  4 howler monkeys
  A crimson imp (D:7)
  2 bullfrog zombies
  A quasit (D:12)
  2 bullfrog skeletons
  5 hounds
  3 jellies
  22 orc priests
  18 orc wizards
  Jessica (D:2)
  9 iguanas
  5 worker ants
  2 hound zombies
  2 worker ant zombies
  7 gnolls (D:6)
  16 adders
  A shadow imp (D:10)
  11 white imps
  9 ufetubi
  2 oozes (D:1)
  An adder skeleton (D:4)
  An adder zombie (D:7)
  2 worms (D:2)
  2 dart slugs
  6 leopard geckos
  83 orcs
  4 bats
  5 giant cockroaches
  12 hobgoblins
  13 jackals
  6 quokkas
  A ball python (D:3)
  4 frilled lizards
  9 goblins
  A jackal skeleton (D:4)
  7 kobolds
  A leopard gecko zombie (D:7)
  5 rats (D:1)
  A spectral orc (D:5)
628 creatures vanquished.

Vanquished Creatures (collateral kills)
  A dire elephant (Lair:6)
  Harold (D:7)
  The ghost of Demosthentine the Protected, a journeyman FoFi of Cheibriados (D:10)
  4 hydras
  2 death yaks (Lair:6)
  A wolf spider (Lair:6)
  3 cyclopes (D:12)
  An elephant (Lair:6)
  A cane toad (Lair:4)
  A centaur skeleton (D:12)
  A tyrant leech (Lair:4)
  A dream sheep (Lair:6)
  A wyvern (D:12)
  2 yaks
  A warg (D:10)
  Duvessa (D:7)
  A phantom (D:6)
  An ice beast (D:6)
  A bullfrog (D:12)
  3 wights (D:6)
  A bullfrog zombie (D:12)
  A jelly (D:12)
  A hound (D:12)
  2 orc wizards
  An iguana (Lair:6)
  A worker ant (D:8)
  An adder (D:10)
  2 orcs (D:10)
  A goblin (D:10)
  A quokka (D:12)
41 creatures vanquished.

Vanquished Creatures (others)
  An adder (D:8)
  5 white imps (IceCv)
  2 ufetubi (IceCv)
  45 fungi
  109 plants
  6 withered plants
168 creatures vanquished.

Grand Total: 837 creatures vanquished

Notes
Turn   | Place    | Note
-------+----------+-------------------------------------------
     0 | D:1      | robertstho the Gnoll Ice Elementalist began the quest for
                  | the Orb.
     0 | D:1      | Reached XP level 1. HP: 13/13 MP: 6/6
   170 | D:1      | Reached XP level 2. HP: 11/20 MP: 2/7
   806 | D:1      | Reached XP level 3. HP: 23/25 MP: 7/9
   841 | D:1      | Learned a level 3 spell: Frozen Ramparts
   845 | D:1      | Learned a level 3 spell: Ozocubu's Armour
   858 | D:1      | Reached skill level 5 in Spellcasting
  1196 | D:1      | Reached skill level 1 in Invocations
  1699 | D:2      | Reached skill level 1 in Fighting
  1699 | D:2      | Reached skill level 1 in Short Blades
  1699 | D:2      | Reached skill level 1 in Long Blades
  1699 | D:2      | Reached skill level 1 in Axes
  1699 | D:2      | Reached skill level 1 in Maces & Flails
  1699 | D:2      | Reached skill level 1 in Polearms
  1699 | D:2      | Reached skill level 1 in Staves
  1699 | D:2      | Reached skill level 1 in Slings
  1699 | D:2      | Reached skill level 1 in Bows
  1699 | D:2      | Reached skill level 1 in Crossbows
  1699 | D:2      | Reached skill level 1 in Throwing
  1699 | D:2      | Reached skill level 1 in Armour
  1699 | D:2      | Reached skill level 1 in Shields
  1699 | D:2      | Reached skill level 1 in Unarmed Combat
  1699 | D:2      | Reached skill level 1 in Evocations
  1824 | D:2      | Reached XP level 4. HP: 32/32 MP: 11/11
  1939 | D:2      | Noticed Jessica
  1968 | D:2      | Killed Jessica
  1969 | D:2      | Reached skill level 1 in Conjurations
  1969 | D:2      | Reached skill level 1 in Hexes
  1969 | D:2      | Reached skill level 1 in Summonings
  1969 | D:2      | Reached skill level 1 in Necromancy
  1969 | D:2      | Reached skill level 1 in Translocations
  1969 | D:2      | Reached skill level 1 in Transmutations
  1969 | D:2      | Reached skill level 1 in Fire Magic
  1969 | D:2      | Reached skill level 1 in Air Magic
  1969 | D:2      | Reached skill level 1 in Earth Magic
  1969 | D:2      | Reached skill level 1 in Poison Magic
  2106 | D:2      | Found a sparkling altar of Nemelex Xobeh.
  2106 | D:2      | Found a transporter.
  2261 | D:3      | Reached XP level 5. HP: 37/37 MP: 12/12
  2689 | D:3      | Reached XP level 6. HP: 44/44 MP: 5/13
  2820 | D:3      | Found an ancient bone altar of Kikubaaqudgha.
  3087 | D:3      | Reached skill level 5 in Dodging
  3419 | D:4      | Noticed a phantom
  3560 | D:4      | Learned a level 4 spell: Hailstorm
  3565 | D:4      | Learned a level 4 spell: Summon Ice Beast
  3620 | D:4      | Reached XP level 7. HP: 49/50 MP: 11/15
  3682 | D:4      | Found a shadowy altar of Dithmenos.
  3685 | D:4      | Found a glowing golden altar of the Shining One.
  3688 | D:4      | Found a shimmering altar of Xom.
  3722 | D:4      | Found a blossoming altar of Fedhas.
  4127 | D:5      | Entered Level 5 of the Dungeon
  4374 | D:5      | Found a basalt altar of Yredelemnul.
  4484 | D:5      | Found an opulent altar of Gozag.
  4906 | D:6      | Reached skill level 5 in Stealth
  4959 | D:6      | Found a shimmering altar of Xom.
  5232 | D:6      | Reached XP level 8. HP: 52/57 MP: 12/16
  5283 | D:6      | Noticed sahdkjhfkaj's ghost (novice KoBr)
  5292 | D:6      | Found a transporter.
  5295 | D:6      | Found a one-way gate to the infinite horrors of the Abyss.
  5295 | D:6      | Noticed an ancient zyme
  5307 | D:6      | Found a transporter.
  5915 | D:6      | Got a wavering lapis lazuli ring
  6156 | D:6      | Found a staircase to the Ecumenical Temple.
  6271 | Temple   | Entered the Ecumenical Temple
  6318 | Temple   | Became a worshipper of Sif Muna the Loreminder
  6749 | D:7      | Reached XP level 9. HP: 39/65 MP: 14/18
  7318 | D:7      | Noticed Duvessa
  7320 | D:7      | Noticed Dowan
  7324 | D:7      | Killed Dowan
  7328 | D:7      | Killed Duvessa
  7329 | D:7      | Reached skill level 6 in Stealth
  7339 | D:7      | Identified the ring "Colonnal" {rCorr Dex+3} (You found it
                  | on level 6 of the Dungeon)
  7418 | D:7      | Reached * piety under Sif Muna
  7565 | D:7      | Noticed Harold
  7600 | D:7      | Killed Harold
  7601 | D:7      | Reached skill level 5 in Invocations
  7681 | D:7      | Reached XP level 10. HP: 73/73 MP: 16/20
  7862 | D:7      | Found a burning altar of Makhleb.
  8071 | D:7      | Found a sacrificial altar of Ru.
  8478 | D:8      | Found a hide-covered altar of Uskayaw.
  8608 | D:8      | Reached skill level 5 in Fighting
  8608 | D:8      | Reached skill level 5 in Short Blades
  8608 | D:8      | Reached skill level 5 in Long Blades
  8608 | D:8      | Reached skill level 5 in Axes
  8608 | D:8      | Reached skill level 5 in Maces & Flails
  8608 | D:8      | Reached skill level 5 in Polearms
  8608 | D:8      | Reached skill level 5 in Staves
  8608 | D:8      | Reached skill level 5 in Slings
  8608 | D:8      | Reached skill level 5 in Bows
  8608 | D:8      | Reached skill level 5 in Crossbows
  8608 | D:8      | Reached skill level 5 in Throwing
  8608 | D:8      | Reached skill level 5 in Armour
  8608 | D:8      | Reached skill level 5 in Shields
  8608 | D:8      | Reached skill level 5 in Unarmed Combat
  8608 | D:8      | Reached skill level 5 in Evocations
  9029 | D:8      | Found a stormy altar of Qazlal.
  9251 | D:9      | You fall into a shaft and drop 2 floors!
  9278 | D:11     | Noticed Gastronok
  9306 | D:11     | Killed Gastronok
  9307 | D:11     | Reached skill level 7 in Stealth
  9505 | D:11     | Noticed a two-headed ogre
  9526 | D:11     | Killed a two-headed ogre
  9603 | D:11     | Noticed Psyche
  9616 | D:11     | Paralysed by Psyche for 2 turns
  9617 | D:11     | Killed Psyche
  9618 | D:11     | Reached XP level 11. HP: 81/81 MP: 19/22
  9658 | D:11     | Noticed a boulder beetle
  9692 | D:11     | Killed a boulder beetle
  9693 | D:11     | Reached skill level 5 in Conjurations
  9693 | D:11     | Reached skill level 5 in Hexes
  9693 | D:11     | Reached skill level 5 in Summonings
  9693 | D:11     | Reached skill level 5 in Necromancy
  9693 | D:11     | Reached skill level 5 in Translocations
  9693 | D:11     | Reached skill level 5 in Transmutations
  9693 | D:11     | Reached skill level 5 in Fire Magic
  9693 | D:11     | Reached skill level 5 in Air Magic
  9693 | D:11     | Reached skill level 5 in Earth Magic
  9693 | D:11     | Reached skill level 5 in Poison Magic
  9870 | D:11     | Noticed a seven-headed hydra
  9883 | D:11     | Killed a seven-headed hydra
  9936 | D:11     | Reached ** piety under Sif Muna
 10073 | D:11     | Noticed Maurice
 10118 | D:11     | Killed Maurice
 10173 | D:11     | Noticed a manticore
 10185 | D:11     | Killed a manticore
 10339 | D:11     | Noticed a two-headed ogre
 10362 | D:11     | Killed a two-headed ogre
 10538 | D:12     | Noticed a boulder beetle
 10562 | D:12     | Killed a boulder beetle
 10708 | D:12     | Noticed a five-headed hydra
 10709 | D:12     | Found the amulet of the Air {Inacc +Fly rElec EV+5 RMsl}
 10709 | D:12     | Noticed a cyclops
 10709 | D:12     | Noticed a cyclops
 10714 | D:12     | Noticed a tengu warrior
 10719 | D:12     | Killed a five-headed hydra
 10728 | D:12     | Killed a cyclops
 10733 | D:12     | Noticed a two-headed ogre
 10762 | D:12     | Killed a tengu warrior
 10769 | D:12     | Killed a two-headed ogre
 10770 | D:12     | Reached skill level 8 in Stealth
 10792 | D:12     | Noticed a wizard
 10792 | D:12     | Noticed a cyclops
 10799 | D:12     | Killed a cyclops
 10800 | D:12     | Reached XP level 12. HP: 89/89 MP: 2/24
 10801 | D:12     | Identified the amulet of Puvorar {RegenMP *Corrode +Blink
                  | MP+9 Int+7}
 11137 | D:12     | Identified the Tome of Poisoning and Creation
 11519 | D:12     | Noticed a two-headed ogre
 11535 | D:12     | Killed a two-headed ogre
 12125 | D:12     | Noticed a death knight
 12135 | D:12     | Killed a death knight
 12136 | D:12     | Reached skill level 9 in Stealth
 12293 | D:10     | Entered Level 10 of the Dungeon
 12320 | D:10     | Reached *** piety under Sif Muna
 12355 | D:10     | Noticed a two-headed ogre
 12362 | D:10     | Killed a two-headed ogre
 12380 | D:10     | Found a staircase to the Orcish Mines.
 12564 | D:10     | Noticed a two-headed ogre
 12572 | D:10     | Killed a two-headed ogre
 12668 | D:10     | Found Huhobbabo's Distillery.
 12669 | D:10     | Found a large runed translucent door.
 12670 | D:10     | Found a large runed translucent door.
 12676 | D:10     | Bought a potion of curing for 42 gold pieces
 12676 | D:10     | Bought a potion of invisibility for 112 gold pieces
 12711 | D:10     | Found a staircase to the Lair.
 12778 | D:10     | Noticed Demosthentine's ghost (journeyman FoFi)
 12779 | D:10     | Found the +8 storm bow {elec, penet}
 12858 | D:10     | Found a portal to a secret trove of treasure.
 12908 | D:10     | Killed Demosthentine's ghost
 13691 | D:10     | Got a heavily runed tower shield
 13740 | Lair:1   | Entered Level 1 of the Lair of Beasts
 13745 | Lair:1   | Reached XP level 13. HP: 76/98 MP: 26/26
 14209 | Lair:1   | Reached **** piety under Sif Muna
 14387 | Lair:1   | Found a runed translucent gate.
 14387 | Lair:1   | Found a runed translucent gate.
 14387 | Lair:1   | Found a runed translucent gate.
 14387 | Lair:1   | Noticed DarkMailMan's ghost (novice HOFi)
 14388 | Lair:1   | Noticed CozyGlow's ghost (journeyman DsGl)
 14388 | Lair:1   | Noticed Foxy's ghost (journeyman FoFi)
 14606 | Lair:1   | Killed CozyGlow's ghost
 14607 | Lair:1   | Reached skill level 10 in Stealth
 14622 | Lair:1   | Killed Foxy's ghost
 14988 | Lair:1   | Got a fabulously ornate robe
 14998 | Lair:1   | Identified the +2 robe "Heloaxats" {+Blink rF- Will+ Int+2}
                  | (You found it on level 1 of the Lair of Beasts)
 15064 | Lair:2   | Identified the +2 tower shield of a volcano {rElec rCorr
                  | Stlth-} (You found it on level 10 of the Dungeon)
 15455 | Lair:2   | Found a staircase to the Snake Pit.
 15660 | Lair:2   | Reached skill level 10 in Ice Magic
 16785 | Lair:3   | Noticed Nergalle
 16791 | Lair:3   | Killed Nergalle
 16792 | Lair:3   | Reached skill level 10 in Spellcasting
 17169 | Lair:4   | HP: 3/99 [seven-headed hydra (10)]
 17185 | Lair:4   | Reached ***** piety under Sif Muna
 17518 | Lair:4   | Found a staircase to the Swamp.
 17587 | Lair:4   | Reached XP level 14. HP: 106/106 MP: 28/28
 17662 | Lair:4   | Reached skill level 11 in Stealth
 17789 | Lair:4   | Received a gift from Sif Muna
 17978 | Lair:4   | Reached skill level 10 in Dodging
 19141 | Lair:4   | Reached skill level 10 in Long Blades
 19254 | Lair:5   | Found a frozen archway.
 19410 | IceCv    | Entered an ice cave
 19655 | IceCv    | Reached skill level 10 in Invocations
 19996 | IceCv    | Got a pair of warped gloves
 20007 | IceCv    | Identified the cursed +0 pair of gloves of Memi {rElec}
                  | (You found it in an ice cave)
 20176 | IceCv    | Noticed a reaper
 20182 | IceCv    | Killed a reaper
 20895 | Lair:5   | Found a glowing silver altar of Zin.
 20972 | Lair:5   | Identified Sif Muna's Papyrus of Summoning (Sif Muna gifted
                  | it to you on level 5 of the Lair of Beasts)
 20972 | Lair:5   | Received a gift from Sif Muna
 21337 | Lair:6   | Entered Level 6 of the Lair of Beasts
 21605 | Lair:6   | Reached skill level 12 in Stealth
 22193 | Lair:6   | Noticed Nessos
 22196 | Lair:6   | Killed Nessos
 22197 | Lair:6   | Reached XP level 15. HP: 100/115 MP: 29/29
 22311 | Lair:6   | Found a runed translucent door.
 22313 | Lair:6   | Found a viscous altar of Jiyva.
 23070 | Lair:6   | Reached skill level 10 in Fighting
 23070 | Lair:6   | Reached skill level 10 in Short Blades
 23070 | Lair:6   | Reached skill level 10 in Axes
 23070 | Lair:6   | Reached skill level 10 in Maces & Flails
 23070 | Lair:6   | Reached skill level 10 in Polearms
 23070 | Lair:6   | Reached skill level 10 in Staves
 23070 | Lair:6   | Reached skill level 10 in Slings
 23070 | Lair:6   | Reached skill level 10 in Bows
 23070 | Lair:6   | Reached skill level 10 in Crossbows
 23070 | Lair:6   | Reached skill level 10 in Throwing
 23070 | Lair:6   | Reached skill level 10 in Armour
 23070 | Lair:6   | Reached skill level 10 in Shields
 23070 | Lair:6   | Reached skill level 10 in Unarmed Combat
 23070 | Lair:6   | Reached skill level 10 in Evocations
 23230 | Lair:6   | Found a staircase to the Slime Pits.
 23277 | Lair:6   | Identified Jauchat's Compendium of Ashen Changing (Sif Muna
                  | gifted it to you on level 6 of the Lair of Beasts)
 23277 | Lair:6   | Received a gift from Sif Muna
 24029 | Lair:5   | Learned a level 1 spell: Apportation
 24032 | Lair:5   | Learned a level 2 spell: Blink
 24035 | Lair:5   | Learned a level 2 spell: Swiftness
 24039 | Lair:5   | Learned a level 3 spell: Teleport Other
 24044 | Lair:5   | Learned a level 4 spell: Summon Lightning Spire
 24049 | Lair:5   | Learned a level 4 spell: Airstrike
 24540 | Lair:6   | Identified 2 scrolls of acquirement
 24646 | Lair:6   | Got an encrusted trident
 24646 | Lair:6   | Identified the +7 trident of Wu Jian's Respect {flame,
                  | rElec} (You found it on level 6 of the Lair of Beasts)
 24647 | Lair:6   | Acquired 1245 gold pieces
 24649 | Lair:6   | Acquired 424 gold pieces
 24818 | Orc:1    | Entered Level 1 of the Orcish Mines
 25105 | Orc:1    | Identified the +10 scimitar of Wicsyux {vamp, rPois rF+
                  | Int-2}
 25114 | Orc:1    | Reached skill level 13 in Stealth
 25232 | Orc:1    | Noticed an orc warlord
 25242 | Orc:1    | Killed an orc warlord
 25772 | Orc:2    | Entered Level 2 of the Orcish Mines
 25945 | Orc:2    | Received a gift from Sif Muna
 26117 | Orc:2    | Reached XP level 16. HP: 123/123 MP: 31/31
 26117 | Orc:2    | Found Nooxusch's Antique Weapon Emporium.
 26127 | Orc:2    | Paralysed by an ogre mage for 6 turns
 26136 | Orc:2    | Paralysed by an ogre mage for 6 turns
 26138 | Orc:2    | HP: 6/123 [ogre mage/+0 club (10)]
 26138 | Orc:2    | Mangled by an ogre

Illustrated notes

Levels and vault maps discovered:
D:1:      nicolae_arrival_memento_mori, layout_loops_corners
D:2:      layout_rooms, minmay_misc_feat_square, minmay_crystal_room,
          grunt_nemelex_the_gamble, uniq_jessica
D:3:      layout_loops_ring, lemuel_round_altar
D:4:      layout_basic, grunt_temple_overflow_cloverleaf,
          minmay_splitting_lines, minmay_unequal
D:5:      layout_basic, yredelemnul_forgotten_temple_becter,
          grunt_gozag_breadcrumbs
D:6:      layout_loops_corners, minmay_temple_entry_poolview,
          gammafunk_ghost_abyssal_escape, basic_altar
D:7:      layout_layer_cave, makhleb_grotto_becter,
          nicolae_ru_the_path_less_chosen, serial_undead, serial_undead_f,
          serial_undead_d, serial_undead_f, serial_undead_f, uniq_duvessa,
          uniq_harold
D:8:      layout_rooms, eat_drink_and_be_merry_uskayaw,
          lemuel_coloured_pillars_altar
D:9:      layout_roguey, elyvilon_altar_1, chequers_serial_rivers_large_a
D:10:     layout_rooms, dpeg_oklobed_lair, erik_orc_4,
          nicolae_trove_entry_crystal, ebering_ghost_disaster_area,
          serial_shops, shop
D:11:     layout_loops_ring, uniq_maurice, uniq_psyche, uniq_gastronok
D:12:     minmay_the_grid_octo_tiled_octocenter_mashed
          [minmay_the_grid_octo_teeth, minmay_the_grid_octo_tetromino_candy,
          minmay_the_grid_octo_odd_swirl, minmay_the_grid_octo_clover_2,
          minmay_the_grid_octo_prize_star,
          minmay_the_grid_square_5x5_hollow_slash,
          minmay_the_grid_square_5x5_minimal, minmay_the_grid_square_5x5_comb,
          minmay_the_grid_square_5x5_c], layout_irregular_city,
          minmay_increasing_density
Temple:   cyrus_temple_forest
Lair:1:   layout_cave_shapes, gammafunk_ghost_cemetery,
          minmay_stone_trees_medium, infiniplex_staircase_pool_2
Lair:2:   layout_gridlike, guppyfry_snake_entry_island, grunt_megastairs_5
Lair:3:   layout_gridlike, lemuel_old_faithful, uniq_nergalle
Lair:4:   layout_cave_pods, palyth_hydra_swamp_entry, serial_bayou_shore_b,
          minmay_lair_oklob_chamber
Lair:5:   layout_gridlike, portal_ice_cave_entry_pillars_1, basic_altar,
          lemuel_fruit_tree
Lair:6:   hangedman_lair_in_review, layout_concentric_octagons,
          guppyfry_lair_end_dragon, slime_altar_2, serial_bayou_shore_a,
          uniq_nessos
Orc:1:    lemuel_ogre_cave, layout_caves, elf_legates
Orc:2:    st_orc_ogre_mass, layout_diamond_mine, nicolae_orc_crystal_geode

Skill      XL: |  1  2  3  4  5  6  7  8  9 10 11 12 13 14 15 |
---------------+----------------------------------------------+-----
Spellcasting   | 5 6 7 8 9 10 11 | 11.5
Invocations    | 1 2 3 4 5 6 7 8 9 10 11 | 11.3
Fighting       | 1 2 3 4 5 6 7 8 9 10 | 10.5
Short Blades   | 1 2 3 4 5 6 7 8 9 10 | 10.5
Long Blades    | 1 2 3 4 5 6 8 9 10 11 | 11.2
Axes           | 1 2 3 4 5 6 7 8 9 10 | 10.5
Maces & Flails | 1 2 3 4 5 6 7 8 9 10 | 10.5
Polearms       | 1 2 3 4 5 6 7 8 9 10 | 10.5
Staves         | 1 2 3 4 5 6 7 8 9 10 | 10.5
Slings         | 1 2 3 4 5 6 7 8 9 10 | 10.5
Bows           | 1 2 3 4 5 6 7 8 9 10 | 10.5
Crossbows      | 1 2 3 4 5 6 7 8 9 10 | 10.5
Throwing       | 1 2 3 4 5 6 7 8 9 10 | 10.5
Armour         | 1 2 3 4 5 6 7 8 9 10 | 10.5
Shields        | 1 2 3 4 5 6 7 8 9 10 | 10.5
Unarmed Combat | 1 2 3 4 5 6 7 8 9 10 | 10.5
Evocations     | 1 2 3 4 5 6 7 8 9 10 | 10.5
Conjurations   | 1 2 3 4 5 6 7 8 |  8.9
Hexes          | 1 2 3 4 5 6 7 8 |  8.9
Summonings     | 1 2 3 4 5 6 7 8 |  8.9
Necromancy     | 1 2 3 4 5 6 7 8 |  8.9
Translocations | 1 2 3 4 5 6 7 8 |  8.9
Transmutations | 1 2 3 4 5 6 7 8 |  8.9
Fire Magic     | 1 2 3 4 5 6 7 8 |  8.9
Air Magic      | 1 2 3 4 5 6 7 8 |  8.9
Earth Magic    | 1 2 3 4 5 6 7 8 |  8.9
Poison Magic   | 1 2 3 4 5 6 7 8 |  8.9
Dodging        | 5 6 7 8 9 10 11 | 11.3
Stealth        | 5 6 7 8 9 10 12 13 | 13.3
Ice Magic      | 8 9 10 11 | 11.2

Action                   |  1- 3 |  4- 6 |  7- 9 | 10-12 | 13-15 | 16-18 || total
-------------------------+-------+-------+-------+-------+-------+-------++-------
Melee: Unarmed           |     6 |       |       |       |       |       ||     6
       Dagger            |    83 |   194 |   415 |   206 |       |       ||   898
       Bite              |     7 |    18 |    54 |    45 |     9 |       ||   133
       Punch             |       |     1 |     8 |     7 |       |       ||    16
       Lajatang          |       |       |       |    91 |    66 |       ||   157
       Falchion          |       |       |       |     2 |       |       ||     2
 Fire: Longbow           |       |       |       |     3 |   779 |     7 ||   789
 Cast: Freeze            |    16 |       |     1 |    10 |       |       ||    27
       Frozen Ramparts   |     8 |    19 |    32 |    43 |    20 |     1 ||   123
       Summon Ice Beast  |       |       |    23 |    57 |    38 |       ||   118
       Hailstorm         |       |       |     7 |    20 |    25 |     1 ||    53
       Summon Lightning  |       |       |       |       |     5 |       ||     5
Invok: Channel Magic     |       |       |     1 |     3 |     1 |       ||     5
  Use: Scroll            |       |       |       |    15 |    18 |       ||    33
       Potion            |       |       |       |     4 |     5 |       ||     9
 Stab: Sleeping          |     5 |    12 |     3 |    14 |       |       ||    34
       Distracted        |       |       |     2 |     3 |     4 |       ||     9
Armor: Robe              |    16 |    51 |   117 |    86 |    83 |     8 ||   361
Dodge: Dodged            |    59 |   139 |   285 |   278 |   373 |    13 ||  1147

Table legend: (Time is in decaauts)
 A = Elapsed time spent in this place.
 B = Non-inter-level travel time spent in this place.
 C = Inter-level travel time spent in this place.
 D = Time resting spent in this place.
 E = Time spent auto-exploring this place.
 F = Levels seen in this place.
 G = Mean time per level.
                   A        B        C        D        E       F      G
               +--------+--------+--------+--------+--------+-----+--------+
         Total |  26260 |  24684 |   1576 |   1944 |  17501 |  22 | 1193.6 |
       Dungeon |  13540 |  12498 |   1042 |    301 |   9174 |  12 | 1128.3 |
        Temple |     88 |     47 |     41 |      0 |     39 |   1 |   88.0 |
          Lair |  10105 |   9620 |    485 |    960 |   7196 |   6 | 1684.2 |
  Orcish Mines |   1360 |   1353 |      7 |      0 |    964 |   2 |  680.0 |
      Ice Cave |   1165 |   1165 |      0 |    683 |    128 |   1 | 1165.0 |
               +--------+--------+--------+--------+--------+-----+--------+

Top non-repeatable levels by time:
  Lair:6: 3441 daAuts
  Lair:4: 2223 daAuts
     D:7: 1752 daAuts
    D:12: 1710 daAuts
     D:1: 1653 daAuts
     D:6: 1627 daAuts
  Lair:1: 1312 daAuts
    D:11: 1292 daAuts
   IceCv: 1165 daAuts
  Lair:3: 1071 daAuts
  Lair:5: 1053 daAuts
  Lair:2: 1002 daAuts
     D:3: 992 daAuts
   Orc:1: 983 daAuts
     D:4: 982 daAuts
